 Dungeon Crawl Stone Soup version 0.27-a0-686-gaed091b46b (webtiles) character file.

Game seed: 16749360173302018579

2186 Allula97 the Skirmisher (level 9, -2/68 HPs)
             Began as a Demonspawn Abyssal Knight on Mar 21, 2021.
             Was a Priest of Lugonu.
             Slain by a gnoll
             ... wielding a +0 spear
              (5 damage)
             ... on level 7 of the Dungeon.
             The game lasted 00:28:23 (7231 turns).

Allula97 the Skirmisher (Demonspawn Abyssal Knight) Turns: 7231, Time: 00:28:24

Health: -2/68      AC:  6    Str: 13    XL:     9   Next: 11%
Magic:  12/12      EV: 15    Int: 13    God:    Lugonu [***...]
Gold:   320        SH: 14    Dex: 16    Spells: 5/13 levels left

rFire    . . .     SeeInvis .   l - +2 morningstar (flame)
rCold    . . .     Faith    .   b - +0 kite shield {reflect}
rNeg     . . .     Spirit   .   p - +0 steam dragon scales
rPois    .         Reflect  +   (helmet restricted)
rElec    .         Harm     .   (no cloak)
rCorr    .         Rampage  .   q - +0 pair of gloves
Will     .....                  (no boots)
Stlth    +++.......             (no amulet)
HPRegen  0.21/turn              j - +4 ring of evasion
MPRegen  0.13/turn              (no ring)

@: berserk cooldown, slowed, very slow
A: talons 2, large bone plates 2, powered by death 1, beak, horns 1, wild magic
1
a: Renounce Religion, Depart the Abyss, Bend Space, Banish


You were on level 7 of the Dungeon.
You worshipped Lugonu.
Lugonu was most pleased with you.
You visited 2 branches of the dungeon, and saw 8 of its levels.
You visited the Abyss 1 time.

You collected 320 gold pieces.

Inventory:

Hand Weapons
 a - a +1 short sword
 g - a +1 dagger of venom
 l - a +2 morningstar of flaming (weapon)
Missiles
 e - 16 poisoned darts (quivered)
 y - 2 atropa-tipped darts
Armour
 b - a +0 kite shield of reflection (worn)
 c - a +0 chain mail
 p - +0 steam dragon scales (worn)
 q - a +0 pair of gloves (worn)
 u - a +0 helmet
Jewellery
 j - a +4 ring of evasion (right hand)
Scrolls
 d - a scroll of vulnerability
 f - 2 scrolls of immolation
 h - a scroll of noise {unknown}
 k - a scroll of enchant armour {unknown}
 w - a scroll of teleportation
 x - a scroll of brand weapon {unknown}
Potions
 i - a potion of degeneration {unknown}
 r - a potion of lignification
 s - a potion of brilliance
 t - a potion of attraction
 C - a potion of flight


   Skills:
 * Level 5.4 Fighting
 - Level 4.9 Short Blades
 * Level 1.8 Maces & Flails
 - Level 2.2 Throwing
 + Level 3.4 Armour
 * Level 3.8 Dodging
 + Level 3.5 Stealth
 * Level 2.8 Shields
 * Level 2.6 Spellcasting
 * Level 2.5 Transmutations
 * Level 0.1 Earth Magic
 * Level 4.3 Invocations


You had 5 spell levels left.
You knew the following spells:

 Your Spells              Type           Power      Damage    Failure   Level
a - Statue Form           Tmut/Erth      4%         N/A       100%        6
b - Wereblood             Tmut           10%        N/A       61%         2

Your spell library contained the following spells:

 Spells                   Type           Power      Damage    Failure   Level
 Beastly Appendage        Tmut           20%        N/A       47%         1
 Animate Skeleton         Necr           4%         N/A       82%         1
 Pain                     Necr           8%         1d4       82%         1
 Spider Form              Tmut/Pois      3%         N/A       94%         3
 Vampiric Draining        Necr           1%         2d6       99%         3
 Animate Dead             Necr           1%         N/A       100%        4
 Ice Form                 Ice/Tmut       6%         N/A       100%        4
 Iskenderun's Mystic Bla  Conj/Tloc      2%         2d3       100%        4
 Leda's Liquefaction      Hex/Erth       1%         N/A       100%        4
 Agony                    Necr           2%         N/A       100%        5
 Blade Hands              Tmut           5%         N/A       100%        5
 Bolt of Magma            Conj/Fire/Erth 1%         4d4       100%        5


Dungeon Overview and Level Annotations

Branches:
Dungeon (7/15)             Temple (1/1) D:7

Altars:
Cheibriados
Dithmenos
Gozag
Hepliaklqana
Kikubaaqudgha
Makhleb
Nemelex Xobeh
Okawaru
Qazlal
Ru
Sif Muna
Trog
Uskayaw
Vehumet
Wu Jian
Yredelemnul
Zin
The Shining One


Innate Abilities, Weirdness & Mutations

You have razor-sharp toenails.
You are mostly covered in large bone plates. (SH +6)
You regenerate a little health from kills.
You have a beak for a mouth.
You have a pair of small horns on your head.
Your spells are a little harder to cast, but a little more powerful.


Message History

The orc priest invokes the aid of Beogh against you.
You struggle to resist.
The orc warrior closely misses you.
You hit the orc warrior. You burn the orc warrior.
Your peck misses the orc warrior.
The orc warrior is moderately wounded.
You block the gnoll's attack. The orc hits you but does no damage.
The orc priest mumbles some strange prayers to Beogh against you.
Beogh smites you! You block the orc warrior's attack.
You block the orc's attack. The gnoll completely misses you.
You closely miss the orc warrior. You headbutt the orc warrior!
The orc warrior is severely wounded.
The orc warrior misses you. You block the orc's attack.
The gnoll barely misses you.
You closely miss the orc warrior. Your headbutt misses the orc warrior.
Your peck misses the orc warrior.
The orc warrior is severely wounded.
The orc warrior completely misses you. The gnoll misses you.
You block the orc's attack.
You hit the orc warrior. You burn the orc warrior.
Your kick misses the orc warrior. You headbutt the orc warrior.
Your peck misses the orc warrior.
The orc warrior is almost dead.
The orc warrior hits you with a +0 battleaxe!
* * * LOW HITPOINT WARNING * * *
You block the gnoll's attack. You block the orc's attack.
The orc priest hits you with a +0 war axe!
* * * LOW HITPOINT WARNING * * *
You block the orc warrior's attack.
You barely miss the orc warrior. You claw the orc warrior.
You kill the orc warrior!
Lugonu accepts your kill.
You are no longer berserk.
You are exhausted.
You feel yourself slow down.
The gnoll hits you from afar with a +0 spear!
* * * LOW HITPOINT WARNING * * *
The orc barely misses you. You block the orc priest's attack.
The orc barely misses you. The orc closely misses you.
The gnoll hits you from afar with a +0 spear.
You die...

....## ##.##.## #..#
...... #..##..###..####
......##...)...#......###
..........##............#
........#####..........##
........## #...........#.
...#...g.###.#.........#.
.......oo.##.##........'.
#......o@##............#.
###.#....###...##.<....#.
###...........#....#.##
#........#.......##...
#........(......#.(.....
..##.............#.รท....
##. #.............#......
# ##....._.............
#..(.......[(.......


You could see an orc priest, a gnoll and 2 orcs.

Vanquished Creatures
  A cyclops (D:7)
  Maggie (D:6)
  An ice beast (D:6)
  An orc warrior (D:7)
  2 ogres
  3 centaurs
  A bullfrog (D:5)
  A gnoll sergeant (D:7)
  A scorpion (D:6)
  5 wights (D:6)
  A quasit (D:7)
  3 hounds
  A centaur skeleton (D:6)
  7 worker ants
  A hound skeleton (D:5)
  Robin (D:2)
  10 gnolls
  4 adders
  2 white imps
  2 oozes
  An adder zombie (D:6)
  An adder skeleton (D:4)
  5 worms (D:2)
  The ghost of Aggronaut the Sneak, a weakling DrDe (D:6)
  A dart slug (D:2)
  5 leopard geckos
  10 orcs
  A bat (D:1)
  5 giant cockroaches
  10 goblins
  11 hobgoblins
  14 jackals
  6 kobolds
  3 quokkas
  3 ball pythons
  4 frilled lizards
  A giant cockroach zombie (D:6)
  2 jackal skeletons
  2 rats
  3 rat zombies (D:5)
138 creatures vanquished.

Vanquished Creatures (others)
  An orc wizard (D:4)
1 creature vanquished.

Grand Total: 139 creatures vanquished

Notes
Turn   | Place    | Note
-------+----------+-------------------------------------------
     0 | Abyss:1  | Allula97 the Demonspawn Abyssal Knight began the quest for
                  | the Orb.
     0 | Abyss:1  | Reached XP level 1. HP: 18/18 MP: 2/2
    39 | Abyss:1  | Noticed a crimson imp
    39 | Abyss:1  | Noticed a large abomination
    53 | Abyss:1  | Noticed a small abomination
    68 | Abyss:1  | Noticed a large abomination
    79 | Abyss:1  | Noticed a large abomination
    88 | Abyss:1  | Noticed a water elemental
    92 | Abyss:1  | Noticed a fire elemental
    93 | D:1      | Escaped the Abyss
   462 | D:1      | Reached * piety under Lugonu
   463 | D:1      | Gained mutation: You are partially covered in large bone
                  | plates. (SH +4) [demonic ancestry]
   463 | D:1      | Reached XP level 2. HP: 18/24 MP: 3/3
   545 | D:1      | Reached skill level 1 in Dodging
  1101 | D:2      | Noticed Robin
  1305 | D:3      | Reached XP level 3. HP: 29/29 MP: 5/5
  1639 | D:3      | Reached skill level 1 in Stealth
  1763 | D:2      | Reached ** piety under Lugonu
  1944 | D:2      | Reached XP level 4. HP: 35/35 MP: 6/6
  2252 | D:2      | Killed Robin
  2403 | D:2      | Found a sparkling altar of Nemelex Xobeh.
  2885 | D:4      | Gained mutation: You have sharp toenails. [demonic
                  | ancestry]
  2885 | D:4      | Reached XP level 5. HP: 24/42 MP: 7/7
  3139 | D:4      | Found a hazy altar of Hepliaklqana.
  3250 | D:4      | Reached skill level 1 in Throwing
  3258 | D:4      | Reached skill level 4 in Fighting
  3889 | D:5      | Entered Level 5 of the Dungeon
  3958 | D:5      | Identified the Reference Book on Spatial Stones
  4071 | D:5      | Reached XP level 6. HP: 48/48 MP: 8/8
  4214 | D:5      | Found an opulent altar of Gozag.
  4413 | D:5      | Reached *** piety under Lugonu
  4424 | D:5      | Found an ancient bone altar of Kikubaaqudgha.
  4525 | D:5      | Gained mutation: Your spells are a little harder to cast,
                  | but a little more powerful. [potion of mutation]
  4525 | D:5      | Gained mutation: You have a pair of small horns on your
                  | head. [potion of mutation]
  4525 | D:5      | Gained mutation: You have a beak for a mouth. [potion of
                  | mutation]
  4529 | D:5      | Reached skill level 1 in Transmutations
  4529 | D:5      | Gained mutation: You are mostly covered in large bone
                  | plates. (SH +6) [demonic ancestry]
  4529 | D:5      | Reached XP level 7. HP: 8/55 MP: 9/9
  5036 | D:5      | Learned a level 1 spell: Beastly Appendage
  5039 | D:5      | Learned a level 2 spell: Wereblood
  5104 | D:6      | Found an iron altar of Okawaru.
  5150 | D:7      | Found a bloodstained altar of Trog.
  5170 | D:7      | Found a staircase to the Ecumenical Temple.
  5179 | Temple   | Entered the Ecumenical Temple
  5299 | D:7      | Reached skill level 1 in Spellcasting
  5385 | D:7      | Noticed a cyclops
  5403 | D:7      | Killed a cyclops
  5404 | D:7      | Reached skill level 1 in Shields
  5404 | D:7      | Gained mutation: You have razor-sharp toenails. [demonic
                  | ancestry]
  5404 | D:7      | Reached XP level 8. HP: 49/61 MP: 10/10
  5418 | D:7      | Found a stormy altar of Qazlal.
  5423 | D:7      | Found a basalt altar of Yredelemnul.
  5868 | D:6      | Found a runed translucent door.
  5877 | D:6      | Noticed Aggronaut's ghost (weakling DrDe)
  5893 | D:6      | Killed Aggronaut's ghost
  5932 | D:6      | Noticed Maggie
  5983 | D:6      | Killed Maggie
  5984 | D:6      | Reached skill level 5 in Fighting
  6419 | D:6      | Identified a scroll of acquirement
  6419 | D:6      | Acquired a +0 kite shield of reflection
  6442 | D:6      | Learned a level 6 spell: Statue Form
  6964 | D:6      | Reached skill level 1 in Maces & Flails
  7096 | D:6      | Gained mutation: You regenerate a little health from kills.
                  | [demonic ancestry]
  7096 | D:6      | Reached XP level 9. HP: 64/68 MP: 12/12
  7231 | D:7      | HP: 3/68 [gnoll/+0 spear (8)]
  7231 | D:7      | Slain by a gnoll

Illustrated notes

Levels and vault maps discovered:
D:1:      dpeg_arrival_yet_another_circle, layout_loops_ring
D:2:      layout_rooms, nicolae_overflow_crystal_walls,
          chequers_serial_rivers_room_b, uniq_robin
D:3:      layout_rooms
D:4:      layout_basic, lemuel_crystal_altar
D:5:      layout_gridville, lemuel_zombie_altar_kikubaaqudgha, basic_altar
D:6:      layout_rooms, gammafunk_ghost_grave, moated_statue,
          okawaru_ov_weapons_minmay, uniq_maggie
D:7:      layout_cave_pools, chequers_temple_overflow_statue_of_worship,
          grunt_temple_overflow_open, nicolae_overflow_hidden_temple,
          minmay_temple_entry_glassed_door, serial_shops,
          nicolae_shop_window_shopping
Temple:   chequers_temple_sunken

Skill      XL: |  1  2  3  4  5  6  7  8 |
---------------+-------------------------+-----
Dodging        | 1 2 3 |  3.8
Short Blades   | 2 3 4 |  4.9
Invocations    | 3 4 |  4.3
Armour         | 2 3 |  3.4
Stealth        | 1 2 3 |  3.5
Throwing       | 1 2 |  2.2
Fighting       | 4 5 |  5.4
Transmutations | 1 2 |  2.5
Spellcasting   | 1 2 |  2.6
Shields        | 1 2 |  2.8
Maces & Flails | 1 |  1.8
Earth Magic    | |  0.1

Action                   |  1- 3 |  4- 6 |  7- 9 || total
-------------------------+-------+-------+-------++-------
Melee: Short sword       |   162 |   223 |     2 ||   387
       Kick              |       |    44 |    65 ||   109
       Headbutt          |       |     1 |    34 ||    35
       Peck              |       |     1 |    38 ||    39
       Dagger            |       |       |   117 ||   117
       Morningstar       |       |       |    62 ||    62
Throw: Dart              |    26 |    82 |    16 ||   124
Invok: Depart the Abyss  |     1 |       |       ||     1
  Use: Potion            |       |     2 |     6 ||     8
       Scroll            |       |       |    17 ||    17
 Stab: Invisible         |       |       |     2 ||     2
       Sleeping          |       |       |     1 ||     1
Armor: Chain mail        |    67 |    95 |     1 ||   163
       Leather armour    |       |       |    10 ||    10
       Steam dragon scal |       |       |     4 ||     4
Dodge: Dodged            |    70 |    93 |   113 ||   276
Block: Other             |    22 |    36 |    31 ||    89
       Kite shield       |       |       |    79 ||    79

Table legend: (Time is in decaauts)
 A = Elapsed time spent in this place.
 B = Non-inter-level travel time spent in this place.
 C = Inter-level travel time spent in this place.
 D = Time resting spent in this place.
 E = Time spent auto-exploring this place.
 F = Levels seen in this place.
 G = Mean time per level.
                   A        B        C        D        E       F      G
               +--------+--------+--------+--------+--------+-----+--------+
         Total |   7253 |   7077 |    176 |   1186 |   3710 |   9 |  805.9 |
       Dungeon |   7068 |   6892 |    176 |   1186 |   3687 |   7 | 1009.7 |
        Temple |     91 |     91 |      0 |      0 |     22 |   1 |   91.0 |
         Abyss |     93 |     93 |      0 |      0 |      0 |   1 |   93.0 |
               +--------+--------+--------+--------+--------+-----+--------+

Top non-repeatable levels by time:
     D:6: 1753 daAuts
     D:4: 1326 daAuts
     D:5: 1209 daAuts
     D:1: 989 daAuts
     D:2: 830 daAuts
     D:3: 650 daAuts
     D:7: 308 daAuts
 Abyss:1: 93 daAuts
  Temple: 91 daAuts
